archack, neutral male gnomish Archeologist ----------- |......`..| |.........-# ------------ #####.....<....|# |...........# |.........|# |..........|# -----|-----## |..........|# ## # |........^.|# # # --------|---# ### # ## # # # # #%# ### # ###[######## # --|-- # --.------ ### |...| # |.......| # |).*| # |.......| ##....| G |.......| ----- #@. --------- archack the Investigator Experience level: 7 Strength: 13 Dexterity: 10 Constitution: 15 Intelligence: 15 Wisdom: 18 Charisma: 10 Health: 0(41) Energy: 47(47) Def: 9 Gold: 0 Moves: 6887 Dungeon seed: fqP1NR4_vYH4Duo2 Game ID: archack_1464104264 Your Inventory: Weapons i - 58 uncursed +0 darts (in quiver) j - an uncursed corroded +2 aklys (weapon in hand) m - 11 uncursed +0 elven arrows o - an uncursed +0 elven bow p - an uncursed +0 elven short sword K - 2 uncursed +0 elven daggers M - 2 uncursed +0 daggers Armor e - an uncursed +0 cloak of displacement (being worn) n - an uncursed +0 cloak of invisibility r - an uncursed +0 pair of jumping boots (being worn) s - an uncursed +0 elven leather helm y - an uncursed +1 elven mithril-coat (being worn) z - an uncursed +0 orcish helm (being worn) Comestibles b - 6 uncursed food rations t - an uncursed sprig of wolfsbane v - 2 uncursed fortune cookies H - 2 uncursed apples Wands l - an uncursed wand of make invisible (0:6) N - an uncursed wand of make invisible (0:6) V - an uncursed wand of speed monster (0:7) Y - an uncursed wand of enlightenment (0:9) Tools c - an uncursed mirror f - an uncursed tinning kit (0:56) k - an uncursed skeleton key u - an uncursed oil lamp (0:1277) B - an uncursed sack P - an uncursed oil lamp (0:1022) Gems q - an uncursed touchstone Contents of the sack: 1264 gold pieces an uncursed scroll of scare monster an uncursed scroll of water an uncursed spellbook of magic missile an uncursed potion of booze an uncursed potion of confusion an uncursed potion of fruit juice an uncursed potion of healing an uncursed potion of see invisible an uncursed potion of sickness a cursed potion of sleeping an uncursed ring of invisibility an uncursed ring of teleport control an uncursed ring of teleport control an uncursed wand of light (0:13) an uncursed +0 pick-axe Spells and supernatural/magical abilities: Name Level Category Fail Memory W - pray for help -- divine ? -- Y - supernatural jump -- ability ? -- Your skills at the end: Miscellaneous Skills wands [Basic] Weapon Skills pick-axe [Basic] club [Basic] crossbow [Basic] boomerang [Basic] whip [Basic] Spellcasting Skills Final Attributes: You were devoutly aligned. You were poison resistant. You were telepathic. You had infravision. You were displaced. You were stealthy. You could jump. You were fast. You are dead. Vanquished creatures: a giant beetle a leprechaun a gold golem a gnome mummy a snake a Woodland-elf a soldier ant a wood nymph 4 Uruk-hai a rock mole a rock piercer a fog cloud a shrieker a violet fungus a gnome lord a kobold mummy a ghoul 2 giant ants 4 floating eyes a homunculus 2 kobold lords a kobold shaman 2 iguanas 3 hill orcs 5 rothes a giant bat 2 monkeys 2 orc zombies 4 dwarf zombies a wererat a killer bee 6 coyotes a gas spore 5 hobbits 2 acid blobs a large kobold a gecko a hobgoblin a giant rat 2 cave spiders a brown mold 2 yellow molds 2 green molds a red mold a gnome 2 gnome zombies 7 jackals 3 foxes 2 kobolds 6 newts 2 goblins 5 sewer rats 6 grid bugs 8 lichens a kobold zombie 120 creatures vanquished. Voluntary challenges: You had been an atheist until turn 2504. You used a wielded weapon 258 times, starting on turn 147. You did not apply a unicorn horn. You read items or engraved 2 times, starting on turn 2304. You never genocided any monsters. You never polymorphed an object. You never changed form. You used no wishes. You never split a pudding. You wrote Elbereth's name 2 times, starting on turn 2304. You never violated your personal moral code. Dungeon overview: The Dungeons of Doom: levels 1 to 7 Level 1 a fountain a long staircase Level 2 a scroll shop, some fountains stairs to The Gnomish Mines Level 3 a fountain Level 4 Level 5 a fountain Level 6 a general store, a sink Level 7 <- You were here The Gnomish Mines: levels 3 to 7 Level 3 stairs to The Dungeons of Doom Level 4 Level 5 Level 6 some shops, a temple to Camaxtli, a magic chest, some fountains Level 7 History has recorded: On T:1 you entered the Dungeons of Doom to retrieve the Amulet of Yendor! On T:380 you reached level 2 of The Dungeons of Doom. On T:406 you reached level 1 of The Gnomish Mines. On T:429 you reached level 3 of The Dungeons of Doom. On T:553 you advanced to experience level 2. On T:580 you reached level 4 of The Dungeons of Doom. On T:901 you advanced to experience level 3. On T:1294 you reached level 5 of The Dungeons of Doom. On T:1328 you reached level 6 of The Dungeons of Doom. On T:1705 you advanced to experience level 4. On T:2255 you reached level 2 of The Gnomish Mines. On T:2295 you advanced to experience level 5. On T:2298 you reached level 4 of The Gnomish Mines. On T:2493 you entered the Minetown temple On T:2594 you opened a magic chest. On T:2597 you opened a magic chest. On T:2599 you opened a magic chest. On T:3005 you opened a magic chest. On T:3309 you advanced to experience level 6. On T:3344 you reached level 5 of The Gnomish Mines. On T:3493 you reached level 3 of The Gnomish Mines. On T:4694 you opened a magic chest. On T:4993 you opened a magic chest. On T:4997 you opened a magic chest. On T:5001 you opened a magic chest. On T:6009 you advanced to experience level 7. On T:6250 you reached level 7 of The Dungeons of Doom. Score breakdown: Gold: 1264 ( 126 points) Experience: 7 levels ( 600 points) Exploration: 7 levels ( 180 points) Discoveries: 19 items ( 950 points) Variety of kills: 55 monsters ( 2000 points) Major goal: reached Minetown ( 500 points) Survival: died (score multiplied by 3) Total score: 13068 Latest messages: You have a little trouble removing U - a cursed ring called copper 150/200. You have a little trouble removing g - an uncursed ring called emerald 150/200. You have a little trouble removing h - a cursed ring called opal 300. You have a little trouble removing p - an uncursed ring called wooden 300. You have a little trouble removing s - an uncursed pink potion. You have a little trouble removing V - an uncursed ruby potion. You have a little trouble removing z - a cursed swirly potion. You have a little trouble removing U - a cursed copper ring. You have a little trouble removing g - an uncursed emerald ring. You have a little trouble removing h - a cursed opal ring. You have a little trouble removing p - an uncursed wooden ring. You hit the Woodland-elf. The Woodland-elf swings her runed broadsword. The Woodland-elf slashes you! You die... Final status: Goodbye archack the Archeologist, killed by a Woodland-elf... You died in The Dungeons of Doom on dungeon level 7 with 13068 points, and 1264 pieces of gold, after 6887 moves. You were level 7 with a maximum of 41 hit points when you died.